 Dungeon Crawl Stone Soup version 0.22-a0-135-g6f012ad (webtiles) character file.

10514 galech the Grappler (level 11, -1/120 HPs)
             Began as a Troll Monk on Jan 31, 2018.
             Was a High Priest of Okawaru.
             Slain by an orc warrior
             ... wielding a +0 halberd of pain
              (2 damage)
             ... on level 2 of the Orcish Mines.
             The game lasted 00:18:22 (10378 turns).

galech the Grappler (Troll Monk)                   Turns: 10378, Time: 00:18:23

Health: -1/120     AC:  6    Str: 24    XL:     11   Next: 37%
Magic:  10/10      EV: 13    Int:  6    God:    Okawaru [*****.]
Gold:   1697       SH:  0    Dex: 12    Spells: 10/10 levels left

rFire    . . .     SeeInvis .     - Unarmed
rCold    . . .     Gourm    +   (no shield)
rNeg     . . .     Faith    .   a - +0 robe
rPois    .         Spirit   .   (helmet restricted)
rElec    .         Reflect  .   G - +0 cloak
rCorr    .         Harm     .   (gloves unavailable)
MR       .....                  (boots unavailable)
Stlth    ++........             y - amulet of rage
HPRegen  0.70/turn              z - +3 ring of evasion
MPRegen  0.12/turn              F - ring of flight

@: lethally poisoned (-1 -> -2)
A: large, unfitting armour, claws 3, fast metabolism 3, gourmand, regeneration
1, shaggy fur 1, tough skin 2
a: Heroism, Finesse, Renounce Religion, Evoke Berserk Rage, Evoke Flight


You were on level 2 of the Orcish Mines.
You worshipped Okawaru.
Okawaru was extremely pleased with you.
You were very full.

You visited 3 branches of the dungeon, and saw 13 of its levels.

You collected 1697 gold pieces.

Inventory:

Armour
 a - a +0 robe (worn)
 w - a +0 shield
 G - a +0 cloak (worn)
Jewellery
 y - an amulet of rage (around neck)
 z - a +3 ring of evasion (left claw)
 F - a ring of flight (right claw)
Wands
 u - a wand of disintegration (5)
 v - a wand of paralysis (11)
 x - a wand of enslavement (9)
 E - a wand of polymorph (7)
 H - a wand of scattershot (6)
 I - a wand of iceblast (10)
 J - a wand of flame (34)
Scrolls
 c - a scroll of noise {unknown}
 f - 3 scrolls of blinking {unknown}
 i - 4 scrolls of magic mapping {unknown}
 j - 10 scrolls of identify {unknown}
 k - 5 scrolls of remove curse {unknown}
 m - a scroll of enchant armour {unknown}
 n - 2 scrolls of amnesia {unknown}
 p - 4 scrolls of random uselessness {unknown}
 q - 4 scrolls of teleportation {unknown}
 r - a scroll of fog {unknown}
 t - a scroll of immolation {unknown}
 D - 2 scrolls of fear {unknown}
 L - a scroll of enchant weapon {unknown}
Potions
 d - a potion of agility {unknown}
 e - 2 potions of invisibility {unknown}
 g - a potion of might {unknown}
 h - 5 potions of degeneration {unknown}
 l - 2 potions of berserk rage {unknown}
 o - 2 potions of curing {unknown}
 s - 2 potions of brilliance {unknown}
 B - 2 potions of heal wounds {unknown}
 K - a potion of ambrosia {unknown}
Books
 A - a book of Battle

   Spells                             Type                      Level
   a - Infusion                       Charms                       1
   b - Shroud of Golubria             Charms/Translocation         2
   c - Song of Slaying                Charms                       2
   d - Spectral Weapon                Hexes/Charms                 3
   e - Regeneration                   Charms/Necromancy            3
 C - a book of Changes

   Spells                             Type                      Level
   a - Beastly Appendage              Transmutation                1
   b - Sticks to Snakes               Transmutation                2
   c - Spider Form                    Transmutation/Poison         3
   d - Ice Form                       Ice/Transmutation            4
   e - Blade Hands                    Transmutation                5
Comestibles
 b - 30 rations
 M - 3 chunks of flesh


   Skills:
 + Level 11.0 Fighting
 - Level 2.4 Dodging
 - Level 1.1 Stealth
 + Level 12.8 Unarmed Combat


You had 10 spell levels left.
You didn't know any spells.

Dungeon Overview and Level Annotations

Branches:
Dungeon (10/15)            Temple (1/1) D:6             Orc (2/2) D:10
    Elf (0/3) Orc:2
   Lair: D:8-11

Altars:
Ashenzari
Cheibriados
Dithmenos
Elyvilon
Fedhas
Gozag
Hepliaklqana
Kikubaaqudgha
Makhleb
Nemelex Xobeh
Okawaru
Qazlal
Ru
Sif Muna
Trog
Uskayaw
Vehumet
Wu Jian
Yredelemnul
Zin
The Shining One
Beogh

Shops:
D:7 [


Innate Abilities, Weirdness & Mutations

You are too large for most types of armour.
You have claws for hands.
Your metabolism is lightning-fast.
You like to eat raw meat.
Your natural rate of healing is unusually fast.
You are covered in fur. (AC +1)
You have very tough skin. (AC +2)


Message History

An orc comes into view.
You mangle the orc!!
You kill the orc!
Okawaru accepts your kill.
You feel sick.
The orc knight roars a battlecry!
The orcs go into a battle-frenzy!
An orc warrior and an orc knight come into view.
The orc knight shouts!
You hear a shout! x2
The orc hits you with a hand axe.
* * * LOW HITPOINT WARNING * * *
The orc barely misses you.
You hear a shout!
An orc and an orc high priest come into view.
You see here a dagger.
The orc misses you.
The orc warrior hits you from afar with a halberd of pain!!
* * * LOW HITPOINT WARNING * * *
You writhe in agony.
You die...

####.......#.)....##
###.##......#.......#.
##..................##.
#........#..........#..
###.................###.
##.#...............###
## #........oo........#
##.#....o..........#
###....@o.........#
##...............#
#................#
##...........)....#
###...........o.....#
##..#............o...#
##.........o..........#
#.............o...o...#
##....................#


You could see 2 orc knights, an orc high priest, 2 orc warriors and 4 orcs.

Vanquished Creatures
  An orc high priest (Orc:2)
  Maurice (D:8)
  2 trolls (Orc:2)
  A hippogriff (D:10)
  10 yaks
  2 hungry ghosts
  Menkaure (D:5)
  A soldier ant (D:9)
  A water moccasin (D:6)
  A hornet zombie (D:10)
  16 orc warriors
  3 ice beasts
  A necrophage (D:7)
  2 phantoms
  5 sky beasts
  4 ogres
  2 black bears (D:8)
  2 centaurs (D:8)
  2 big kobolds
  Blork the orc (D:6)
  4 bullfrogs
  2 gnoll sergeants (D:6)
  4 scorpions
  10 killer bees
  14 wights
  2 howler monkeys
  5 crimson imps
  A bullfrog zombie (D:9)
  4 hounds
  3 jellies
  10 orc priests
  2 bullfrog skeletons
  16 orc wizards
  5 worker ants
  A killer bee zombie (D:6)
  A hound zombie (D:6)
  2 worker ant zombies
  8 gnolls
  7 adders
  3 shadow imps
  An adder zombie (D:7)
  An adder skeleton (D:6)
  8 worms
  3 dart slugs
  4 leopard geckos
  71 orcs
  2 ball pythons
  9 bats
  6 giant cockroaches
  4 goblins
  18 hobgoblins
  16 jackals
  13 kobolds
  2 quokkas
  6 frilled lizards
  A jackal skeleton (D:5)
  A leopard gecko skeleton (D:6)
  A quokka zombie (D:7)
  5 rats
335 creatures vanquished.

Notes
Turn   | Place    | Note
-------+----------+-------------------------------------------
     0 | D:1      | galech the Troll Monk began the quest for the Orb.
     0 | D:1      | Reached XP level 1. HP: 22/22 MP: 0/0
    54 | D:1      | Reached XP level 2. HP: 17/29 MP: 1/1
   281 | D:1      | Reached XP level 3. HP: 36/36 MP: 2/2
   542 | D:2      | Reached skill level 4 in Unarmed Combat
   542 | D:2      | Reached XP level 4. HP: 41/45 MP: 3/3
  1042 | D:3      | Reached XP level 5. HP: 41/54 MP: 4/4
  1140 | D:3      | Reached skill level 5 in Unarmed Combat
  1244 | D:3      | Found a bloodstained altar of Trog.
  1569 | D:3      | Found a deep blue altar of Sif Muna.
  1784 | D:3      | You fall through a shaft for 2 floors!
  1784 | D:5      | Entered Level 5 of the Dungeon
  1820 | D:4      | Reached XP level 6. HP: 63/63 MP: 5/5
  1831 | D:4      | Found a hide-covered altar of Uskayaw.
  1978 | D:4      | Found a hazy altar of Hepliaklqana.
  2175 | D:4      | Found a deep blue altar of Sif Muna.
  2429 | D:4      | Found an opulent altar of Gozag.
  2620 | D:5      | Found a shadowy altar of Dithmenos.
  2859 | D:5      | Reached skill level 6 in Unarmed Combat
  2859 | D:5      | Reached XP level 7. HP: 63/71 MP: 6/6
  2869 | D:5      | Reached skill level 5 in Fighting
  3183 | D:5      | Noticed Menkaure
  3188 | D:5      | Killed Menkaure
  3188 | D:5      | Reached skill level 7 in Unarmed Combat
  3263 | D:5      | Reached XP level 8. HP: 83/83 MP: 7/7
  3778 | D:6      | Reached skill level 8 in Unarmed Combat
  4166 | D:6      | Found a snail-covered altar of Cheibriados.
  4192 | D:6      | Found a staircase to the Ecumenical Temple.
  4201 | Temple   | Entered the Ecumenical Temple
  4222 | Temple   | Became a worshipper of Warmaster Okawaru
  4222 | Temple   | Reached * piety under Okawaru
  4222 | Temple   | Reached ** piety under Okawaru
  4761 | D:6      | Noticed Blork the orc
  4810 | D:6      | Reached XP level 9. HP: 17/93 MP: 5/8
  4812 | D:6      | Killed Blork the orc
  4812 | D:6      | Reached skill level 9 in Unarmed Combat
  5432 | D:7      | Reached *** piety under Okawaru
  5449 | D:7      | Found a shattered altar of Ashenzari.
  5532 | D:7      | Found an ancient bone altar of Kikubaaqudgha.
  5812 | D:6      | Reached skill level 10 in Unarmed Combat
  5985 | D:7      | Found Lucvor's Antique Armour Boutique.
  6193 | D:8      | Reached **** piety under Okawaru
  6217 | D:8      | Got a steaming hand axe
  6218 | D:8      | Identified the +4 hand axe of Deem Ybias {freeze, rN+ MR+ Int+2 Dex-5} (You found it on level 8 of the Dungeon)
  6237 | D:8      | Found a sparkling altar of Nemelex Xobeh.
  6265 | D:8      | Received a gift from Okawaru
  6265 | D:8      | Reached XP level 10. HP: 103/107 MP: 9/9
  6441 | D:8      | Found an ancient bone altar of Kikubaaqudgha.
  6657 | D:8      | Noticed Maurice
  6687 | D:8      | Killed Maurice
  6763 | D:9      | Reached skill level 11 in Unarmed Combat
  6896 | D:9      | Received a gift from Okawaru
  7545 | D:10     | Entered Level 10 of the Dungeon
  7545 | D:10     | Found a sparkling altar of Nemelex Xobeh.
  7633 | D:10     | Found a staircase to the Orcish Mines.
  7797 | D:10     | Noticed a hell beast
  7814 | D:10     | Reached skill level 10 in Fighting
  7984 | D:10     | Reached ***** piety under Okawaru
  8043 | D:10     | Noticed an orange demon
  8044 | D:10     | Found an ancient bone altar of Kikubaaqudgha.
  8044 | D:10     | Noticed an orange demon
  8221 | D:10     | Reached skill level 12 in Unarmed Combat
  8573 | D:10     | Reached XP level 11. HP: 106/119 MP: 10/10
  8591 | Orc:1    | Entered Level 1 of the Orcish Mines
  9149 | Orc:1    | Found a roughly hewn altar of Beogh.
  9194 | Orc:2    | Entered Level 2 of the Orcish Mines
  9934 | Orc:2    | Found a staircase to the Elven Halls.
 10335 | Orc:2    | Noticed an orc high priest
 10335 | Orc:2    | Noticed an orc knight
 10356 | Orc:2    | Killed an orc high priest
 10377 | Orc:2    | Noticed an orc knight
 10378 | Orc:2    | Noticed an orc high priest
 10378 | Orc:2    | HP: 1/120 [orc warrior/halberd of pain (29)]
 10378 | Orc:2    | Slain by an orc warrior

Vault maps used:
D:1:      evilmike_arrival_crescent
D:3:      cheibrodos_pilgrimage, nicolae_overflow_hidden_temple, bloody_trog
D:4:      nicolae_overflow_crystal_walls, lemuel_round_altar,
          lemuel_round_altar, kennysheep_nub, hangedman_decor_clover_reticule,
          st_stairs_4, led_sif_pool
D:5:      first_ration, grunt_dithmenos_smoke_and_mirrors, uniq_menkaure
D:6:      kennysheep_slug_shrine, minmay_temple_entry_poolview, sword_in_stone
D:7:      kennysheep_little_box, kennysheep_mini_moat, serial_shops,
          nicolae_shop_behind_doors
D:8:      kennysheep_mini, basic_altar, uniq_maurice
D:9:      blue_anna_alchemist
D:10:     orc_0_dummy, basic_altar, lemuel_hellish_altar
Temple:   minmay_temple_bridge_abc
Orc:1:    lemuel_statue_altar
Orc:2:    st_orc_congregation, lightli_orcish_oven

Skill      XL: |  1  2  3  4  5  6  7  8  9 10 11 |
---------------+----------------------------------+-----
Fighting       | 3 4 6 7 9 10 11 | 11.0
Unarmed Combat | 4 5 6 7 8 10 12 | 12.8
Dodging        | |  2.4
Stealth        | |  1.1

Action                   |  1- 3 |  4- 6 |  7- 9 | 10-12 || total
-------------------------+-------+-------+-------+-------++-------
Melee: Unarmed           |    82 |   212 |   327 |   375 ||   996
       Punch             |     3 |     2 |    10 |    26 ||    41
Invok: Heroism           |       |       |     1 |     3 ||     4
 Stab: Sleeping          |     3 |     9 |     1 |     3 ||    16
  Eat: Chunk             |    10 |    22 |    22 |    53 ||   107
Armor: Robe              |    29 |    66 |    72 |    53 ||   220
       Skin              |       |       |       |     2 ||     2
Dodge: Dodged            |    39 |    92 |   187 |   208 ||   526

Table legend:
 A = Spawn XP
 B = Non-spawn XP
 C = Spawn XP percentage of total XP
 D = Spawn monster count
 E = Non-spawn monster count
 F = Spawn count percentage of total count
 G = Total turns spent on level
                    A         B        C        D         E        F      G
               +---------+---------+-------+---------+---------+-------+---------
         Total |       0 |   15021 |   0.0 |       0 |     335 |   0.0 | 10378
               +---------+---------+-------+---------+---------+-------+---------
           D:1 |       0 |      52 |   0.0 |       0 |      27 |   0.0 |   491
           D:2 |       0 |     138 |   0.0 |       0 |      27 |   0.0 |   517
           D:3 |       0 |     172 |   0.0 |       0 |      24 |   0.0 |   851
           D:4 |       0 |     133 |   0.0 |       0 |      10 |   0.0 |   598
           D:5 |       0 |    1132 |   0.0 |       0 |      33 |   0.0 |  1199
           D:6 |       0 |    1756 |   0.0 |       0 |      44 |   0.0 |  1678
           D:7 |       0 |    1523 |   0.0 |       0 |      28 |   0.0 |   752
           D:8 |       0 |    1699 |   0.0 |       0 |      17 |   0.0 |   620
           D:9 |       0 |    2176 |   0.0 |       0 |      17 |   0.0 |   930
          D:10 |       0 |    2340 |   0.0 |       0 |      34 |   0.0 |   939
         Orc:1 |       0 |     832 |   0.0 |       0 |      33 |   0.0 |   725
         Orc:2 |       0 |    3068 |   0.0 |       0 |      41 |   0.0 |  1035
               +---------+---------+-------+---------+---------+-------+---------
